 Dungeon Crawl Stone Soup version 0.30.1-4-g462c640d31 (webtiles) character file.

Game seed: 4660882355914152853

14 ChiefBigBeans the Shooter (level 2, -1/17 HPs)
             Began as a Tengu Hunter on Sept 5, 2023.
             Slain by a gnoll
             ... wielding a +0 club
              (2 damage)
             ... on level 1 of the Dungeon.
             The game lasted 00:01:13 (836 turns).

ChiefBigBeans the Shooter (Tengu Hunter)             Turns: 836, Time: 00:01:13

Health: -1/17      AC:  3    Str: 11    XL:     2   Next: 45%
Magic:  3/3        EV: 12    Int:  9    God:
Gold:   36         SH:  0    Dex: 17    Spells: 1/1 levels left

rFire   . . .        a - +0 shortbow
rCold   . . .        (shield currently unavailable)
rNeg    . . .        c - +0 leather armour
rPois   .            (helmet restricted)
rElec   .            (no cloak)
rCorr   .            (no gloves)
SInv    .            (boots unavailable)
Will    .....        (no amulet)
Stlth   ++           (no ring)
HPRegen 0.22/turn    (no ring)
MPRegen 0.08/turn

%: no passive effects
@: no status effects
A: beak, talons 3
a: no special abilities


You were on level 1 of the Dungeon.
You visited 1 branch of the dungeon, and saw 2 of its levels.

You collected 36 gold pieces.

Inventory:

Hand Weapons
 a - a +0 shortbow (weapon)
Armour
 c - a +0 leather armour (worn)
Scrolls
 b - a scroll of immolation
 d - a scroll of identify {unknown}
 g - a scroll of teleportation {unknown}
 h - a scroll of fog {unknown}
 i - 3 scrolls of enchant weapon {unknown}
Potions
 e - a potion of heal wounds {unknown}
 f - a potion of mutation {unknown}


   Skills:
 + Level 2.2 Fighting
 - Level 4.5 Ranged Weapons
 + Level 0.3 Armour
 + Level 2.5 Dodging
 + Level 1.5 Stealth


You had one spell level left.
You didn't know any spells.
Your spell library was empty.

Dungeon Overview and Level Annotations

Branches:
Dungeon (2/15)

Altars:

Shops:
D:1 *


Innate Abilities, Weirdness & Mutations

You have a beak for a mouth.
You have claws for feet.


Message History

You climb downwards.
There is a stone staircase leading up here.
You shoot an arrow. The arrow hits the gnoll.
The gnoll shouts!
The gnoll is lightly wounded.
The gnoll shouts!
You hear a shout! x2
A gnoll comes into view. It is wielding a +0 whip.
You shoot an arrow. The arrow barely misses the gnoll.
The arrow hits the gnoll!
The gnoll is heavily wounded.
You shoot an arrow. The arrow hits the gnoll.
The gnoll is moderately wounded.
You hear a shout!
A gnoll comes into view. It is wielding a +0 whip.
The gnoll misses you.
You shoot an arrow. The arrow closely misses the gnoll. x3
The gnoll hits you with a +0 club.
You shoot an arrow.
The arrow hits the gnoll but does no damage.
The gnoll is moderately wounded.
A rat comes into view.
The gnoll barely misses you.
You shoot an arrow. The arrow hits the gnoll.
The gnoll is heavily wounded.
The gnoll hits you with a +0 club.
You shoot an arrow. The arrow hits the gnoll.
The gnoll is severely wounded.
The gnoll hits you from afar with a +0 spear.
The gnoll hits you with a +0 club.
* * * LOW HITPOINT WARNING * * *
You are too injured to fight recklessly!
You are too injured to fight recklessly!
The gnoll hits you from afar with a +0 spear.
* * * LOW HITPOINT WARNING * * *
The gnoll closely misses you.
You climb upwards.
There is a stone staircase leading down here.
You shoot an arrow. The arrow closely misses the gnoll.
The gnoll hits you with a +0 club.
You die...

#.# ####### ####.##
#.....# #####.....#
#.....# #.........#
#.....## #.........##
###......###.........#.
#..........'.........#.
#.####...###.....#####.
#####.#
#@g.............#.
#.....#
########.#..###.##
#..†..#
##................
#.....#
#......#..####.###
#..[..#
#.....##....##.#
#.....#
#....##.....##.###
#####.#
#...##......##....
#...#.#
#..##.............
#...#.#
#..#........#.....


You could see a gnoll.

Vanquished Creatures
  2 bats (D:1)
  2 endoplasms (D:1)
  2 giant cockroaches (D:1)
  A hobgoblin (D:1)
  4 ball pythons (D:1)
  A frilled lizard (D:1)
  2 kobolds (D:1)
14 creatures vanquished.

Notes
Turn   | Place    | Note
-------+----------+-------------------------------------------
     0 | D:1      | ChiefBigBeans the Tengu Hunter began the quest for the Orb.
     0 | D:1      | Reached XP level 1. HP: 12/12 MP: 2/2
    60 | D:1      | Found Vicuod Wada's Assorted Antiques.
   147 | D:1      | Reached XP level 2. HP: 17/17 MP: 3/3
   836 | D:1      | Slain by a gnoll

Illustrated notes

Levels and vault maps discovered:
D:1:      giann_horns, layout_basic, serial_shops,
          nicolae_shop_tiny_real_fake_doors, nrook_mini_backslash
D:2:      layout_loops_ring, dilly_ecumenical_altar_fadedgnrine, basic_altar

Action                     || total
---------------------------++-------
   Fire: Shortbow          ||    37
 Armour: Leather armour    ||     3
  Dodge: Dodged            ||     8
